 Dungeon Crawl Stone Soup version 0.18-a0-1343-g48c8f86 (webtiles) character file.

1082 M4edhros the Blocker (level 8, -4/48 HPs)
             Began as an Octopode Artificer on Feb 16, 2016.
             Was an Initiate of Gozag.
             Slain by a spatial maelstrom (19 damage)
             ... on level 2 of the Abyss.
             The game lasted 00:11:06 (6105 turns).

M4edhros the Blocker (Octopode Artificer)           Turns: 6105, Time: 00:11:06

Health: -4/48      AC:  1    Str: 10      XL:     8   Next: 30%
Magic:  10/10      EV: 11    Int: 17      God:    Gozag
Gold:   435        SH: 10    Dex: 11 (12) Spells: 0 memorised, 7 levels left

rFire  + . .     SeeInvis .     r - +2 short sword (speed)
rCold  . . .     Gourm    .     o - +0 shield
rNeg   . . .     Faith    .     (helmet restricted)
rPois  .         Spirit   .     (no amulet)
rElec  .         Dismiss  .     n - ring of protection from fire
rCorr  .         Reflect  .     (no ring)
SustAt .         Harm     .     (no ring)
MR     .....                    (no ring)
Stlth  +++.......               (no ring)
                                (no ring)
                                (no ring)
                                (no ring)

@: not resistant to hostile enchantments, fairly stealthy
A: almost no armour, amphibious, 8 rings, constrict 8, camouflage 1, screaming
1, gelatinous body 1, subdued magic 1
a: Potion Petition, Call Merchant, Bribe Branch, Renounce Religion


You were on level 2 of the Abyss.
You worshipped Gozag.
Gozag was noncommittal.
You were very hungry.

You visited 2 branches of the dungeon, and saw 6 of its levels.
You visited the Abyss 1 time.

You collected 511 gold pieces.
You paid 76 gold pieces to Gozag.

Inventory:

Hand Weapons
 a - a +0 short sword
 k - a +0 antimagic dagger
 q - a +1 falchion of slicing
 r - a +2 short sword of speed (weapon)
 s - a -3 war axe
Armour
 l - a +1 large shield
 o - a +0 shield (worn)
Jewellery
 n - a ring of protection from fire (left tentacle)
 y - an uncursed ring of wizardry {unknown}
Wands
 b - a wand of flame (0/48)
 c - a wand of enslavement (14/24)
 d - a wand of random effects (23/48)
Scrolls
 t - a scroll of enchant armour
 u - 2 scrolls of magic mapping {unknown}
 v - a scroll of immolation {unknown}
 w - 2 scrolls of enchant weapon {unknown}
Potions
 e - a potion of berserk rage
 h - a potion of lignification {unknown}
 j - a potion of heal wounds
 m - a potion of beneficial mutation
 p - 2 potions of agility
 z - a potion of curing
 A - a potion of haste {unknown}
Comestibles
 f - 5 bread rations
 g - a royal jelly
 i - 5 fruits


   Skills:
 - Level 1.0 Fighting
 - Level 1.0 Short Blades
 - Level 2.0 Dodging
 - Level 3.6 Stealth
 + Level 9.1 Shields
 - Level 3.2 Evocations


You had 7 spell levels left.
You didn't know any spells.

Dungeon Overview and Level Annotations

Branches:
Dungeon (5/15)             Temple (1/1) D:4

Altars:
Ashenzari
Cheibriados
Dithmenos
Elyvilon
Gozag
Kikubaaqudgha
Makhleb
Nemelex Xobeh
Okawaru
Pakellas
Qazlal
Sif Muna
Trog
Vehumet
Xom
Yredelemnul
Zin
The Shining One

Annotations:
D:5 M4edhros's ghost, novice OpAr


Innate Abilities, Weirdness & Mutations

You cannot wear most types of armour.
You are amphibious.
You can wear up to eight rings at the same time.
You can use your tentacles to constrict eight enemies at once.
Your skin changes colour to match your surroundings (Stealth).
Your rubbery body absorbs attacks (AC +1).
You occasionally shout uncontrollably at your foes.
Your spells are a little easier to cast, but a little less powerful.


Message History

There is an open door here.
A naga warrior comes into view. It is wielding a dire flail.
The naga moves out of view.
You are feeling very hungry.
Found a corrupted altar of Lugonu.
A spatial vortex comes into view.
Your disease is taking its toll.
You feel clumsy.
You feel your health improve.
A wizard comes into view. It is wielding a dagger of speed.
The wizard shouts!
You start resting.
Found 11 poisoned sling bullets. 5 spatial vortices and a spatial maelstrom come into view.
You shout at the spatial vortex!
A spatial vortex comes into view.
You shout at the spatial vortex!
The spatial vortex moves out of view. x2
The spatial maelstrom hits you! Space warps horribly around you!
You die...
Xom snickers!
Your body crumbles into a pile of gold.

## ## ..# .# P. ♣
.. .. # . .# ....
.# # _ #. .# . #.
.#.. .. ###. #. #
# # ##.## ..#. .
######.....#######
... #.##........#.
.#....#. .#.#.p@##
. #.#..##.
#...##v# #
#...#..#.#.. ##.#
#
.#....##.##..#...
..# ..#....#
.##..v.. #
.##.....##.
...##.v#v# # #
#..## ##..#..p..#.
# ## # #..#.#v#..
###.### ..


You could see a spatial maelstrom, 3 spatial vortices and a wizard.

Vanquished Creatures
  The ghost of tasslehoff34 the Ducker, an amateur DsGl of Okawaru (D:4)
  A sky beast (D:5)
  A phantom (D:4)
  An ogre (D:5)
  2 centaurs
  A jelly (D:5)
  An orc wizard (D:3)
  Terence (D:2)
  2 iguanas
  3 worker ants
  A hound zombie (D:5)
  7 adders
  7 gnolls
  An adder skeleton (D:4)
  2 worms (D:3)
  3 giant geckos
  10 orcs
  A ball python (D:1)
  7 giant cockroaches
  5 goblins
  6 hobgoblins
  7 jackals
  12 bats
  11 giant newts
  10 kobolds
  14 rats
  A plant (Temple)
119 creatures vanquished.

Vanquished Creatures (others)
  A jackal (D:1)
1 creature vanquished.

Grand Total: 120 creatures vanquished

Notes
Turn   | Place    | Note
--------------------------------------------------------------
     0 | D:1      | M4edhros the Octopode Artificer began the quest for the Orb.
     0 | D:1      | Reached XP level 1. HP: 13/13 MP: 3/3
   415 | D:1      | Reached XP level 2. HP: 18/18 MP: 4/4
   763 | D:1      | Reached skill level 1 in Shields
   766 | D:1      | Reached XP level 3. HP: 16/23 MP: 5/5
   988 | D:2      | Reached XP level 4. HP: 28/28 MP: 6/6
  1240 | D:3      | Reached XP level 5. HP: 22/33 MP: 7/7
  1888 | D:4      | Reached skill level 4 in Shields
  1959 | D:4      | Found a shattered altar of Ashenzari.
  2036 | D:4      | Noticed tasslehoff34's ghost (amateur DsGl)
  2374 | D:4      | Killed tasslehoff34's ghost
  2374 | D:4      | Reached skill level 6 in Shields
  2374 | D:4      | Reached XP level 6. HP: 28/38 MP: 2/8
  2692 | D:4      | Noticed a phantom
  2741 | D:4      | Gained mutation: Your spells are a little easier to cast, but a little less powerful. [potion of mutation]
  2741 | D:4      | Gained mutation: You occasionally shout uncontrollably at your foes. [potion of mutation]
  2759 | D:4      | Found a staircase to the Ecumenical Temple.
  2779 | Temple   | Entered the Ecumenical Temple
  3197 | Temple   | Became a worshipper of Xom the Elder Chaos God
  3286 | D:4      | XOM: harmless Pois miscast
  3303 | D:4      | Killed a phantom
  3303 | D:4      | Reached XP level 7. HP: 30/43 MP: 9/9
  3535 | D:4      | Found a burning altar of Makhleb.
  3635 | D:4      | Found an ancient bone altar of Kikubaaqudgha.
  3738 | D:3      | Reached skill level 7 in Shields
  3741 | D:3      | XOM: harmless Conj miscast
  4059 | D:3      | XOM: harmless Summ miscast
  4289 | D:2      | XOM: mild Fire miscast
  4315 | D:2      | XOM: harmless Chrm miscast
  4362 | D:2      | XOM: mild Chrm miscast
  4365 | D:2      | Noticed Terence
  4374 | D:2      | Killed Terence
  4515 | D:2      | XOM: mild Summ miscast
  4563 | D:2      | Found a sparkling altar of Nemelex Xobeh.
  4564 | D:2      | Found an opulent altar of Gozag.
  4580 | D:2      | XOM: cast spell 'Necromutation'
  4737 | D:2      | Found a snail-covered altar of Cheibriados.
  4811 | D:2      | XOM: divination: detect creatures
  4832 | D:2      | Fell from the grace of Xom
  4832 | D:2      | Became a worshipper of Gozag Ym Sagoz the Greedy
  5410 | D:5      | Entered Level 5 of the Dungeon
  5410 | D:5      | Noticed M4edhros's ghost (novice OpAr)
  5487 | D:4      | XOM: medium Fire miscast
  5761 | D:5      | Reached skill level 8 in Shields
  5794 | D:5      | Reached XP level 8. HP: 48/48 MP: 10/10
  5807 | D:5      | Found an iron altar of Okawaru.
  5949 | D:5      | Reached skill level 9 in Shields
  5958 | D:5      | XOM: medium Tloc miscast
  5959 | D:5      | Cast into level 2 of the Abyss (the capriciousness of Xom)
  5991 | Abyss:2  | Noticed an ancient zyme
  5996 | Abyss:2  | Noticed a starcursed mass
  6025 | Abyss:2  | Found an iron altar of Okawaru.
  6025 | Abyss:2  | Found a shattered altar of Ashenzari.
  6025 | Abyss:2  | Found a sparkling altar of Nemelex Xobeh.
  6025 | Abyss:2  | Found a blossoming altar of Fedhas.
  6025 | Abyss:2  | Found a shadowy altar of Dithmenos.
  6025 | Abyss:2  | Found a radiant altar of Vehumet.
  6026 | Abyss:2  | Found a basalt altar of Yredelemnul.
  6026 | Abyss:2  | Found a snail-covered altar of Cheibriados.
  6026 | Abyss:2  | Found a glowing silver altar of Zin.
  6027 | Abyss:2  | Found a shimmering altar of Xom.
  6027 | Abyss:2  | Found a deep blue altar of Sif Muna.
  6027 | Abyss:2  | Found a white marble altar of Elyvilon.
  6029 | Abyss:2  | Found an ancient bone altar of Kikubaaqudgha.
  6029 | Abyss:2  | Found a bloodstained altar of Trog.
  6029 | Abyss:2  | Found an opulent altar of Gozag.
  6031 | Abyss:2  | Found a burning altar of Makhleb.
  6031 | Abyss:2  | Found a glowing golden altar of the Shining One.
  6031 | Abyss:2  | Found a stormy altar of Qazlal.
  6032 | Abyss:2  | Noticed a freezing wraith
  6040 | Abyss:2  | Noticed a naga mage
  6041 | Abyss:2  | Noticed a naga warrior
  6042 | Abyss:2  | Noticed a large abomination
  6060 | Abyss:2  | Found a corrupted altar of Lugonu.
  6098 | Abyss:2  | Noticed a wizard
  6105 | Abyss:2  | Noticed a spatial maelstrom
  6105 | Abyss:2  | Slain by a spatial maelstrom

Vault maps used:
D:1:      dpeg_chamrin_arrival_tetris, minmay_cupped
D:2:      grunt_temple_overflow_opulence, lemuel_coloured_pillars_altar,
          uniq_terence
D:4:      nicolae_overflow_crystal_walls, cheibrodos_ashenzari_chains,
          marbit_many_paths, temple_green, first_bread
D:5:      serial_shops, nicolae_shop_statue_plus, moated_statue, okawaru_trees_2
Temple:   minmay_temple_forest_path_12
Abyss:2:  minivault_22

Action                   |  1- 3 |  4- 6 |  7- 9 || total
-------------------------+-------+-------+-------++-------
Melee: Short sword       |    26 |    27 |    70 ||   123
       Dagger            |    25 |    85 |       ||   110
       Falchion          |       |     6 |       ||     6
       War axe           |       |       |    81 ||    81
Evoke: Wand              |     4 |    21 |     7 ||    32
  Use: Scroll            |     5 |     3 |     3 ||    11
       Potion            |     4 |     5 |     2 ||    11
 Stab: Sleeping          |     9 |     6 |     9 ||    24
  Eat: Chunk             |       |     6 |     2 ||     8
       Meat ration       |       |     1 |       ||     1
       Beef jerky        |       |       |     1 ||     1
       Pizza             |       |       |     1 ||     1
